 Dungeon Crawl Stone Soup version 0.26.1-11-gd32895ea62 (webtiles) character file.

Game seed: 11980504933059302880

57474 Cykl0x the Fencer (level 14, 0/125 HPs)
             Began as a Minotaur Fighter on May 25, 2021.
             Was the Champion of the Shining One.
             Slain by a white ugly thing (20 damage)
             ... on level 15 of the Dungeon.
             The game lasted 00:27:32 (19070 turns).

Cykl0x the Fencer (Minotaur Fighter)               Turns: 19070, Time: 00:27:33

Health: 0/125      AC: 15    Str: 30    XL:     14   Next: 45%
Magic:  21/21      EV: 12    Int:  5    God:    the Shining One [******]
Gold:   2295       SH: 14    Dex: 10    Spells: 13/13 levels left

rFire    + . .     SeeInvis .   K - +6 double sword (vorpal)
rCold    . . .     Faith    .   c - +1 kite shield
rNeg     + + +     Spirit   .   I - +2 fire dragon scales
rPois    +         Reflect  .   (helmet restricted)
rElec    .         Harm     .   A - +0 cloak
rCorr    .         Rampage  .   (no gloves)
Will     +....                  (no boots)
Stlth    ..........             (no amulet)
HPRegen  0.30/turn              y - ring "Irot" {Ice Str+4}
MPRegen  0.17/turn              z - ring of poison resistance

@: glowing
A: retaliatory headbutt, horns 2
a: Renounce Religion, Divine Shield, Cleansing Flame, Summon Divine Warrior,
Brand Weapon With Holy Wrath


You were on level 15 of the Dungeon.
You worshipped the Shining One.
The Shining One was exalted by your worship.
You visited 1 branch of the dungeon, and saw 15 of its levels.
You also visited: Sewer and Bailey.

You collected 2568 gold pieces.
You spent 273 gold pieces at shops.

Inventory:

Hand Weapons
 K - a +6 vorpal double sword (weapon)
 W - a +3 scimitar of flaming
Missiles
 e - 70 poisoned darts
 f - 434 stones
 h - 10 javelins
 D - 12 boomerangs
 R - a silver javelin (quivered)
Armour
 b - a +0 scale mail
 c - a +1 kite shield (worn)
 l - a +0 plate armour
 A - a +0 cloak (worn)
 E - the +0 ring mail "Moekeusu" {rElec}
   (You found it on level 5 of the Dungeon)

   It insulates you from electricity.
 I - +2 fire dragon scales (worn)
Jewellery
 n - an uncursed ring of see invisible
 p - a +6 ring of strength
 v - an uncursed ring of willpower
 y - the ring "Irot" (left hand) {Ice Str+4}
   (You found it on level 12 of the Dungeon)

   [ring of ice]

   It enhances your ice magic.
   It affects your strength (+4).
   It makes you vulnerable to fire.
   It protects you from cold.
 z - a ring of poison resistance (right hand)
 G - the ring of the Saviour {rN+ MP+9 Int-5 Stlth-}
   (You found it in a bailey)

   [ring of attention]

   It affects your intelligence (-5).
   It protects you from negative energy.
   It affects your magic capacity (+9).
   It makes you less stealthy.
 N - a +6 ring of dexterity
Wands
 a - a wand of disintegration (20)
 d - a wand of enslavement (15)
 k - a wand of paralysis (23)
 q - a wand of flame (40)
 M - a wand of polymorph (11)
 O - a wand of iceblast (15)
Scrolls
 g - 5 scrolls of fear
 i - 11 scrolls of teleportation
 j - 2 scrolls of fog
 r - 14 scrolls of remove curse
 u - 4 scrolls of enchant weapon
 C - 8 scrolls of identify
 H - 2 scrolls of enchant armour
 J - 3 scrolls of amnesia
 P - a scroll of blinking
 U - a scroll of magic mapping
Potions
 m - 4 potions of lignification
 o - 3 potions of brilliance
 s - 2 potions of attraction
 t - 4 potions of flight
 w - 8 potions of curing
 x - a potion of magic
 B - 2 potions of mutation
 F - a potion of cancellation
 L - a potion of berserk rage
 Q - 2 potions of haste
 T - a potion of heal wounds
 V - a potion of might


   Skills:
 + Level 11.7 Fighting
 + Level 2.9(10.3) Short Blades
 + Level 16.0(16.1) Long Blades
 + Level 6.6 Throwing
 + Level 11.1 Armour
 + Level 5.9 Dodging
 + Level 12.5 Shields
 * Level 11.1 Invocations


You had 13 spell levels left.
You didn't know any spells.
Your spell library contained the following spells:

 Spells                   Type           Power        Failure   Level
 Magic Dart               Conj           0%           83%         1
 Sandblast                Erth           0%           83%         1
 Shock                    Conj/Air       0%           83%         1
 Passwall                 Tmut/Erth      0%           92%         2
 Stone Arrow              Conj/Erth      0%           99%         3
 Petrify                  Tmut/Erth      0%           100%        4
 Lee's Rapid Deconstruct  Erth           0%           100%        5


Dungeon Overview and Level Annotations

Branches:
Dungeon (15/15)            Temple (0/1) D:6            Lair (0/6) D:9
    Orc (0/2) D:12         Vaults (0/5) D:14         Depths (0/5) D:15
  Sewer (visited)          Bailey (visited)

Altars:
Cheibriados
Fedhas
Gozag
Hepliaklqana
Kikubaaqudgha
Makhleb
Nemelex Xobeh
Okawaru
Ru
Sif Muna
Trog
Uskayaw
Vehumet
Wu Jian
The Shining One

Shops:
D:3 *   D:5 :   D:7 *   D:10 (   D:12 [


Innate Abilities, Weirdness & Mutations

You reflexively headbutt those who attack you in melee.
You have a pair of horns on your head.


Message History

You are too injured to fight recklessly!
You are too injured to fight recklessly!
You are too injured to fight recklessly!
You are too injured to fight recklessly!
You are too injured to fight recklessly!
You are too injured to fight recklessly!
You are too injured to fight recklessly!
You are too injured to fight recklessly!
You are too injured to fight recklessly!
You are too injured to fight recklessly!
You are too injured to fight recklessly!
Things that are here:
an ugly thing corpse; a vampire mosquito corpse You barely miss the white ugly thing.
Your headbutt misses the white ugly thing.
The white ugly thing is severely wounded.
The white ugly thing gores you.
* * * LOW HITPOINT WARNING * * *
The white ugly thing freezes you!!
You die...

#....#?#.####.#.#.....##
#....##.#....#.##....##
#...#.##......##.#....
#..#.#..........#.#...##
#..##(...........##.....
#.#................#....
#.....................#.
#######.#Z###.###)#.#...<.#.
......#.))u@..# #.#.#.#...#.
.P......).###.###.#.........
...........##.........##....
.|.8........#####.#.#######.
.........8.P# #.#....)))..
8...........# #.##########
..........8.# ...
.P...>...!...# ...
....8.88...8.......


You could see a white ugly thing and a juggernaut zombie.

Vanquished Creatures
  Snorg (D:12)
  A quicksilver dragon zombie (D:15)
  3 vault guards (D:14)
  3 hydras
  2 boulder beetles
  7 two-headed ogres
  A centaur warrior (D:15)
  2 tengu warriors
  Urug (D:11)
  A deep elf knight (D:11)
  3 unseen horrors
  7 skeletal warriors
  2 wizards (D:14)
  3 orc knights
  A flayed ghost (D:15)
  Pikel (D:9)
  3 necromancers
  A lindwurm (shapeshifter) (D:13)
  A wolf spider (D:12)
  A sphinx skeleton (D:15)
  A cyclops (D:12)
  2 manticores
  2 slime creatures (D:15)
  A deep elf mage (D:14)
  14 ugly things
  Joseph (D:11)
  A centaur zombie (D:12)
  A black mamba (shapeshifter) (D:12)
  2 gargoyles
  A tengu conjurer (D:14)
  A kobold demonologist (D:12)
  2 efreet
  3 meliai (D:15)
  6 trolls
  2 raiju (shapeshifter)
  A fire dragon zombie (D:15)
  A shadow (D:13)
  25 yaks
  7 wyverns
  2 wraiths
  18 humans (D:14)
  2 vampires (D:13)
  2 vampire mosquitoes (D:15)
  2 basilisks
  Menkaure (D:7)
  Duvessa (D:4)
  An acid dragon (D:12)
  3 water moccasins (D:9)
  15 orc warriors
  An eye of draining (D:13)
  Purgy (Sewer)
  A phantom (D:8)
  3 sky beasts
  2 black bears (D:7)
  A necrophage (D:11)
  2 ice beasts
  5 ogres
  17 centaurs
  3 boggarts
  2 big kobolds
  11 bullfrogs
  Dowan (D:4)
  5 scorpions
  2 wyvern skeletons
  8 killer bees
  10 wights
  3 howler monkeys (D:8)
  2 quasits
  5 bullfrog zombies
  A gnoll shaman (D:7)
  13 orc wizards
  10 orc priests
  10 centaur skeletons
  3 hounds
  Crazy Yiuf (D:5)
  4 iguanas
  11 worker ants
  2 hound skeletons
  2 worker ant zombies
  13 adders
  10 gnolls
  3 river rats (D:3)
  2 shadow imps
  2 white imps
  An adder zombie (D:7)
  An adder skeleton (D:6)
  5 worms
  3 dart slugs
  2 leopard geckos
  65 orcs
  3 giant cockroaches
  12 goblins
  9 hobgoblins
  2 jackals (D:5)
  7 kobolds
  2 quokkas (D:5)
  9 bats
  7 frilled lizards
  A quokka skeleton (D:4)
  A quokka zombie (D:5)
  7 rats
  A bush (D:12)
476 creatures vanquished.

Vanquished Creatures (others)
  A fungus (D:9)
  14 plants (D:9)
  4 withered plants (D:15)
19 creatures vanquished.

Grand Total: 495 creatures vanquished

Notes
Turn   | Place    | Note
-------+----------+-------------------------------------------
     0 | D:1      | Cykl0x the Minotaur Fighter began the quest for the Orb.
     0 | D:1      | Reached XP level 1. HP: 19/19 MP: 0/0
   130 | D:1      | Reached XP level 2. HP: 27/27 MP: 1/1
   140 | D:1      | Reached skill level 1 in Dodging
   515 | D:1      | Reached XP level 3. HP: 33/33 MP: 2/2
   904 | D:2      | Reached skill level 3 in Long Blades
   904 | D:2      | Reached XP level 4. HP: 11/40 MP: 3/3
  1221 | D:2      | Found a hide-covered altar of Uskayaw.
  2072 | D:3      | Reached XP level 5. HP: 45/47 MP: 4/4
  2210 | D:3      | Found an opulent altar of Gozag.
  2212 | D:3      | Found Gozag's Platinum Reserve.
  2246 | D:3      | Reached skill level 4 in Long Blades
  2320 | D:3      | Found a glowing drain.
  2328 | Sewer    | Entered a sewer
  2344 | Sewer    | Noticed Purgy
  2350 | Sewer    | Killed Purgy
  2351 | Sewer    | Reached skill level 1 in Throwing
  2351 | Sewer    | Reached XP level 6. HP: 49/53 MP: 5/5
  3290 | D:4      | Noticed Duvessa
  3305 | D:4      | Killed Duvessa
  3306 | D:4      | Reached skill level 5 in Long Blades
  3306 | D:4      | Reached skill level 5 in Armour
  3307 | D:4      | Noticed Dowan
  3321 | D:4      | Killed Dowan
  3322 | D:4      | Reached XP level 7. HP: 59/60 MP: 6/6
  3325 | D:4      | Found a snail-covered altar of Cheibriados.
  3516 | D:4      | Found a sparkling altar of Nemelex Xobeh.
  3747 | D:4      | Reached skill level 5 in Shields
  3841 | D:5      | Entered Level 5 of the Dungeon
  4180 | D:5      | Reached skill level 5 in Fighting
  4180 | D:5      | Reached skill level 6 in Long Blades
  4293 | D:5      | Got a faintly humming ring mail
  4303 | D:5      | Identified the +0 ring mail "Moekeusu" {rElec} (You found
                  | it on level 5 of the Dungeon)
  4382 | D:5      | Found a runed translucent door.
  4383 | D:5      | Noticed Crazy Yiuf
  4388 | D:5      | Killed Crazy Yiuf
  4441 | D:5      | Found a radiant altar of Vehumet.
  4493 | D:5      | Found a shimmering blue altar of Sif Muna.
  4496 | D:5      | Found a glowing golden altar of the Shining One.
  4497 | D:5      | Found a bloodstained altar of Trog.
  4497 | D:5      | Found an iron altar of Okawaru.
  4501 | D:5      | Became a worshipper of the Shining One
  4563 | D:5      | Reached XP level 8. HP: 68/68 MP: 7/7
  4616 | D:5      | Found Fuqymyrch's Book Shoppe.
  4843 | D:6      | Found a staircase to the Ecumenical Temple.
  5424 | D:6      | Reached skill level 1 in Invocations
  5647 | D:7      | Reached skill level 7 in Long Blades
  5894 | D:7      | Reached * piety under the Shining One
  5963 | D:7      | Reached skill level 8 in Long Blades
  5977 | D:7      | Found Zomedd's Assorted Antiques.
  5988 | D:7      | Bought a scroll of enchant armour for 195 gold pieces
  5988 | D:7      | Bought a scroll of remove curse for 78 gold pieces
  6463 | D:7      | Noticed Menkaure
  6470 | D:7      | Killed Menkaure
  6471 | D:7      | Reached XP level 9. HP: 63/75 MP: 10/10
  6551 | D:7      | Found a burning altar of Makhleb.
  6934 | D:8      | Reached skill level 9 in Long Blades
  6987 | D:8      | Found a hazy altar of Hepliaklqana.
  7638 | D:9      | Reached ** piety under the Shining One
  7815 | D:9      | Reached skill level 10 in Long Blades
  7817 | D:9      | Found a sacrificial altar of Ru.
  7876 | D:9      | Noticed Pikel
  7891 | D:9      | Killed Pikel
  7892 | D:9      | Reached skill level 5 in Invocations
  8149 | D:9      | Reached XP level 10. HP: 84/84 MP: 12/12
  8350 | D:9      | Reached skill level 11 in Long Blades
  8480 | D:9      | Found a staircase to the Lair.
  8567 | D:9      | Found an ornate altar of the Wu Jian Council.
  8825 | D:10     | Entered Level 10 of the Dungeon
  8825 | D:10     | Found Xonowk's Antique Weapon Shop.
  8825 | D:10     | Noticed a two-headed ogre
  8834 | D:10     | Killed a two-headed ogre
  8860 | D:10     | Noticed a two-headed ogre
  8879 | D:10     | Killed a two-headed ogre
  8906 | D:10     | Reached XP level 11. HP: 28/92 MP: 13/15
  8971 | D:10     | Noticed a skeletal warrior
  8972 | D:10     | Noticed a skeletal warrior
  9000 | D:10     | Killed a skeletal warrior
  9016 | D:10     | Killed a skeletal warrior
  9034 | D:10     | Noticed a skeletal warrior
  9052 | D:10     | Killed a skeletal warrior
  9053 | D:10     | Reached skill level 12 in Long Blades
  9053 | D:10     | Noticed a skeletal warrior
  9089 | D:10     | Killed a skeletal warrior
  9106 | D:10     | Found a flagged portal.
  9118 | Bailey   | Entered a bailey
 10342 | Bailey   | Got a scintillating copper ring
 10344 | Bailey   | Lost intelligence.
 10344 | Bailey   | Identified the ring of the Saviour {rN+ MP+9 Int-5 Stlth-}
                  | (You found it in a bailey)
 10374 | Bailey   | Noticed an orc knight
 10374 | Bailey   | Reached *** piety under the Shining One
 10387 | Bailey   | Killed an orc knight
 10400 | Bailey   | Identified a scroll of acquirement
 10400 | Bailey   | Acquired 1252 gold pieces
 10765 | D:10     | Noticed a skeletal warrior
 10784 | D:10     | Killed a skeletal warrior
 11461 | D:11     | Noticed an eight-headed hydra
 11464 | D:11     | Noticed a six-headed hydra
 11469 | D:11     | Killed an eight-headed hydra
 11477 | D:11     | Killed a six-headed hydra
 11478 | D:11     | Reached skill level 1 in Short Blades
 11478 | D:11     | Reached skill level 5 in Throwing
 11760 | D:11     | Noticed a boulder beetle
 11769 | D:11     | Killed a boulder beetle
 11770 | D:11     | Reached XP level 12. HP: 103/103 MP: 17/17
 11776 | D:11     | Noticed Urug
 11778 | D:11     | Noticed Joseph
 11806 | D:10     | Reached skill level 10 in Shields
 12462 | D:11     | Reached skill level 13 in Long Blades
 12669 | D:11     | Killed Joseph
 12676 | D:11     | Killed Urug
 12684 | D:11     | Reached **** piety under the Shining One
 13184 | D:11     | Found the +8 mithril axe "Arga" {speed, Will+}
 13612 | D:12     | Found a staircase to the Orcish Mines.
 13668 | D:12     | Reached skill level 10 in Armour
 13702 | D:12     | Noticed a two-headed ogre
 13708 | D:12     | Killed a two-headed ogre
 14087 | D:12     | Noticed a two-headed ogre
 14092 | D:12     | Killed a two-headed ogre
 14220 | D:12     | Noticed a two-headed ogre
 14220 | D:12     | Reached ***** piety under the Shining One
 14232 | D:12     | Killed a two-headed ogre
 14233 | D:12     | Reached XP level 13. HP: 112/112 MP: 19/19
 14409 | D:12     | Found a blossoming altar of Fedhas.
 14587 | D:12     | Found Itimnele's Armour Emporium.
 14612 | D:12     | Noticed Snorg
 14628 | D:12     | The Shining One protects you from harm!
 14632 | D:12     | Killed Snorg
 14633 | D:12     | Reached skill level 14 in Long Blades
 15021 | D:12     | Got an ancient silver ring
 15023 | D:12     | Identified the ring "Irot" {Ice Str+4} (You found it on
                  | level 12 of the Dungeon)
 15063 | D:12     | Reached skill level 10 in Fighting
 15063 | D:12     | Reached skill level 5 in Dodging
 15066 | D:12     | Identified Ucutsa's Reference Book on Shifting Combat Magic
 15362 | D:13     | You fall into a shaft and drop 2 floors!
 15362 | D:15     | Entered Level 15 of the Dungeon
 15459 | D:15     | Reached skill level 10 in Invocations
 15609 | D:13     | Found an ancient bone altar of Kikubaaqudgha.
 16968 | D:14     | Reached skill level 15 in Long Blades
 18338 | D:14     | Reached XP level 14. HP: 103/124 MP: 20/20
 18470 | D:14     | Found a gate to the Vaults.
 18873 | D:15     | Reached ****** piety under the Shining One
 18986 | D:15     | Found a staircase to the Depths.
 19059 | D:15     | Reached skill level 16 in Long Blades
 19070 | D:15     | Slain by a white ugly thing

Illustrated notes

Levels and vault maps discovered:
D:1:      eino_arrival_cavern_d, layout_rooms, minivault_25
D:2:      layout_loops_ring, lemuel_round_altar, minmay_pentomino_o2
D:3:      layout_loops_ring, nicolae_gozag_zags_fifth_avenue,
          lightli_sewer_entry_pipes
D:4:      layout_loops_corners, kennysheep_slug_shrine,
          nemelex_xobeh_ov_fountains_minmay, uniq_duvessa
D:5:      layout_loops_ring, minitemple, serial_shops, shop,
          uniq_crazy_yiuf_cottage
D:6:      layout_layer_cave, minmay_temple_entry_arrows,
          wad_floor_pattern_untrapped, minivault_19, kennysheep_another_room
D:7:      layout_rooms, lemuel_coloured_pillars_altar, serial_shops, shop,
          kennysheep_cross_bottleneck, uniq_menkaure
D:8:      layout_basic, kennysheep_flooded_box
D:9:      layout_small_grid, pdpol_wu_jian_five_deadly_venoms,
          overflow_temple_1_default, minmay_lair_entry_grove, minmay_holes,
          uniq_pikel
D:10:     layout_rooms, serial_shops, nicolae_shop_stone, enter_bailey_3
D:11:     layout_gridville, sword_in_stone
D:12:     minmay_the_grid_octo_tiled_octocenter [minmay_the_grid_octo_empty,
          minmay_the_grid_octo_tetromino_candy, minmay_the_grid_octo_chip,
          minmay_the_grid_octo_toaster,
          minmay_the_grid_octo_prize_single_spiral,
          minmay_the_grid_square_5x5_inner_i,
          minmay_the_grid_square_5x5_dogpile,
          minmay_the_grid_square_5x5_inverted_slash,
          minmay_the_grid_square_5x5_checkered_sparse], layout_irregular_city,
          hiddenorc1_lemuel, serial_shops, shop, fedhas_bush_and_centaur_altar,
          uniq_snorg
D:13:     layout_stronghold, basic_altar
D:14:     layout_rooms, grunt_vaults_entry_tiered, nrook_uturn, st_stairs_10
D:15:     gammafunk_depths_entry_grave, layout_loops_corners, minivault_27,
          minmay_misc_feat_secret_circle

Skill      XL: |  1  2  3  4  5  6  7  8  9 10 11 12 13 14 |
---------------+-------------------------------------------+-----
Dodging        | 1 2 3 4 5 |  5.9
Shields        | 4 5 6 7 8 9 10 12 | 12.5
Fighting       | 4 5 6 7 8 9 11 | 11.7
Armour         | 4 5 6 7 8 9 10 11 | 11.1
Long Blades    | 3 4 5 6 8 10 11 12 13 15 16 | 16.0
Throwing       | 1 2 3 5 6 |  6.6
Invocations    | 3 5 6 8 9 10 11 | 11.1
Short Blades   | 1 2 |  2.9

Action                   |  1- 3 |  4- 6 |  7- 9 | 10-12 | 13-15 || total
-------------------------+-------+-------+-------+-------+-------++-------
Melee: Long sword        |    61 |   124 |    85 |       |       ||   270
       Headbutt          |     8 |    22 |    62 |   139 |    92 ||   323
       Scimitar          |       |       |   174 |   299 |     8 ||   481
       Short sword       |       |       |       |    13 |       ||    13
       Double sword      |       |       |       |    99 |   398 ||   497
Throw: Stone             |    25 |    16 |    13 |       |       ||    54
       Dart              |     1 |       |       |   117 |       ||   118
       Javelin           |       |       |    21 |    46 |     6 ||    73
Invok: Divine Shield     |       |       |       |     1 |       ||     1
Evoke: Wand              |       |       |       |     3 |       ||     3
  Use: Scroll            |     4 |     4 |    10 |     3 |     3 ||    24
       Potion            |     1 |     5 |       |     5 |     2 ||    13
Armor: Scale mail        |    23 |       |       |       |       ||    23
       Plate armour      |    21 |    69 |    83 |   137 |    13 ||   323
       Skin              |       |       |    15 |       |       ||    15
       Fire dragon scale |       |       |       |       |   114 ||   114
Dodge: Dodged            |    15 |    33 |    55 |   136 |   125 ||   364
Block: Kite shield       |    31 |    57 |   159 |   322 |   268 ||   837
       Rpst.: Long sword |     4 |     5 |     4 |       |       ||    13
       Scimitar          |       |       |     6 |    20 |     3 ||    29
       Double sword      |       |       |       |     6 |    25 ||    31
